 Dungeon Crawl Stone Soup version 0.29.0-4-gdea44cf6ec (webtiles) character file.

Game seed: 5091827804834102331

150 qw the Chopper (level 5, 0/30 HPs)
             Began as a Tengu Warper on Aug 28, 2022.
             Slain by a jelly (2 damage)
             ... on level 5 of the Dungeon.
             The game lasted 00:00:23 (3987 turns).

qw the Chopper (Tengu Warper)                       Turns: 3987, Time: 00:00:24

Health: 0/30       AC:  3    Str:  9      XL:     5   Next: 32%
Magic:  9/9        EV: 14    Int: 12 (13) God:
Gold:   286        SH:  0    Dex: 13      Spells: 8/8 levels left

rFire   . . .      SeeInvis +   Y - +1 hand axe
rCold   . . .      Faith    .   (no shield)
rNeg    . . .      Spirit   .   h - +1 leather armour of Uruasewa {Will+ Regen+ Str-5 SInv}
rPois   .          Reflect  .   (helmet restricted)
rElec   .          Harm     .   e - +2 cloak
rCorr   .          Rampage  .   (no gloves)
Will    +....                   (boots unavailable)
Stlth   +.........              c - amulet of the acrobat
HPRegen 0.90/turn               (no ring)
MPRegen 0.11/turn               (no ring)

@: about to teleport, corroded, flying quickly and evasively, quick
A: beak, talons 3, nimble flight
a: no special abilities


You were on level 5 of the Dungeon.
You visited 2 branches of the dungeon, and saw 6 of its levels.

You collected 286 gold pieces.


Innate Abilities, Weirdness & Mutations

You have a beak for a mouth.
You have claws for feet.
Your magical nature lets you fly swiftly and evasively.


   Skills:
 - Level 2.0 Fighting
 + Level 5.9 Axes
 - Level 1.0 Throwing
 - Level 1.1 Armour
 - Level 2.1 Dodging
 - Level 2.0 Spellcasting
 - Level 2.4 Translocations


You had 8 spell levels left.
You didn't know any spells.
Your spell library contained the following spells:

 Spells                   Type           Power      Damage    Failure   Level
 Blink                    Tloc           12%        N/A       22%         2
 Gell's Gravitas          Tloc           6%         N/A       38%         3
 Lesser Beckoning         Tloc           6%         N/A       38%         3
 Teleport Other           Tloc           6%         N/A       38%         3
 Manifold Assault         Tloc           6%         N/A       98%         5

Inventory:

Hand Weapons
 b - a +1 vampiric whip
 Y - a +1 hand axe (weapon)
Armour
 e - a +2 cloak (worn)
 h - the +1 leather armour of Uruasewa (worn) {Will+ Regen+ Str-5 SInv}
   (You found it on level 4 of the Dungeon)

   Str:       It affects your strength (-5).
   SInv:      It lets you see invisible.
   Regen:     It increases your rate of health regeneration.
   Will:      It increases your willpower.
 l - a +0 scale mail
Jewellery
 c - an amulet of the acrobat (around neck)
 d - an amulet of guardian spirit
Scrolls
 a - 2 scrolls of identify
Potions
 f - a potion of mutation
 k - a potion of might

Dungeon Overview and Level Annotations

Branches:
Dungeon (5/15)             Temple (1/1) D:4

Altars:
Dithmenos
Fedhas
Gozag
Hepliaklqana
Kikubaaqudgha
Makhleb
Nemelex Xobeh
Qazlal
Trog
Uskayaw
Vehumet
Wu Jian
Yredelemnul
The Shining One

Annotations:
D:5 Eustachio


Message History

The jelly quivers.
You hit the crimson imp. Your kick misses the crimson imp.
The crimson imp is heavily wounded.
The crimson imp blinks!
You hit Eustachio. Your kick misses Eustachio. Your peck misses Eustachio.
Eustachio is lightly wounded.
You hit the jelly but do no damage.
Your hands burn!
The jelly misses you.
Eustachio gestures wildly while chanting.
You hit Eustachio but do no damage. You peck Eustachio.
Eustachio is lightly wounded.
You hit the jelly.
Your hands burn!
Eustachio completely misses you. The jelly misses you.
You closely miss Eustachio. Your kick misses Eustachio.
Eustachio is lightly wounded.
You completely miss the jelly. You hit the crimson imp.
The crimson imp hits you. Eustachio closely misses you.
The jelly barely misses you.
You hit the crimson imp. Your kick misses the crimson imp.
You peck the crimson imp.
The crimson imp is heavily wounded.
You hit the iron imp but do no damage. You hit the jelly.
The acid corrodes you!
Your hands burn!
You hit Eustachio but do no damage. The crimson imp misses you.
The iron imp hits you! Eustachio barely misses you.
The jelly closely misses you.
You hit the jelly.
Your hands burn!
You claw the jelly, but do no damage.
The jelly is heavily wounded.
You hit Eustachio. You hit the iron imp but do no damage.
You closely miss the crimson imp. The crimson imp hits you.
The iron imp closely misses you. Eustachio hits you with a +0 rapier.
The jelly hits you.
You are splashed with acid.
3987 ||| READING scroll of teleportation.
As you read the scroll of teleportation, it crumbles to dust.
You feel strangely unstable. The crimson imp barely misses you.
Eustachio asks, "How can you live without manners, virtues and honour?"
Eustachio mumbles some strange words.
The jelly hits you.
You die...

.....##+#
#..#####........
#..+...#........
#..#............
#...............
#.8.....5.8$..#
#......5J@....+
#.8....5@.8...#
...#....#....!)r......#
...#....#.8..._...8.....
...#....#....###....+#..
...#....#...........># .
...#....#..#.....#...#
...#....#..#....###..+
...#....#..#..### ###
%..'....#..#.##~~


You could see Eustachio, a jelly, an iron imp (summoned), a crimson imp
(summoned), a white imp (summoned) and a quokka (summoned).

Vanquished Creatures
  An iguana (D:5)
  4 adders
  A worm (D:3)
  3 dart slugs
  2 orcs
  4 ball pythons
  3 endoplasms
  5 giant cockroaches
  10 goblins
  4 hobgoblins
  6 jackals
  8 kobolds
  7 quokkas
  7 bats
  A frilled lizard (D:2)
  5 rats
71 creatures vanquished.

Notes
Turn   | Place    | Note
-------+----------+-------------------------------------------
     0 | D:1      | qw the Tengu Warper began the quest for the Orb.
     0 | D:1      | Reached XP level 1. HP: 12/12 MP: 4/4
     0 | D:1      | 0 ||| qw: Version: 0.1-a-89-g26bdef1
     0 | D:1      | 0 ||| qw: Game counter: 3140
     0 | D:1      | 0 ||| qw: Always use a shield: true
     0 | D:1      | 0 ||| qw: God list: Okawaru
     0 | D:1      | 0 ||| qw: Allow faded altars: false
     0 | D:1      | 0 ||| qw: Do Orc after D:15 true
     0 | D:1      | 0 ||| qw: Do second Lair branch before Depths: true
     0 | D:1      | 0 ||| qw: Lair rune preference: random
     0 | D:1      | 0 ||| qw: Plans: Normal
     0 | D:1      | 0 ||| PLANNING D:1-11
    55 | D:1      | 55 ||| Stepping ~*~*~tactically~*~*~ (stealth).
    71 | D:1      | Found a faded altar of an unknown god.
   103 | D:1      | Reached skill level 3 in Axes
   103 | D:1      | Reached XP level 2. HP: 14/17 MP: 6/6
   181 | D:1      | 181 ||| Stepping ~*~*~tactically~*~*~ (stealth).
   233 | D:1      | 233 ||| Stepping ~*~*~tactically~*~*~ (stealth).
   252 | D:1      | 252 ||| Stepping ~*~*~tactically~*~*~ (stealth).
   257 | D:1      | 257 ||| Stepping ~*~*~tactically~*~*~ (stealth).
   618 | D:1      | 618 ||| DROPPING +0 whip.
   697 | D:1      | Reached XP level 3. HP: 21/21 MP: 7/7
   707 | D:1      | 707 ||| Stepping ~*~*~tactically~*~*~ (stealth).
   716 | D:1      | 716 ||| Stepping ~*~*~tactically~*~*~ (stealth).
   820 | D:1      | 820 ||| UPGRADING to +2 cloak.
   825 | D:1      | 825 ||| READING scroll labelled JUITSOLOSU.
   826 | D:1      | 826 ||| READING scroll labelled YRCHENUM EPTOLA.
   827 | D:1      | 827 ||| READING scroll labelled TIMEMOJIMN.
   830 | D:1      | 830 ||| DROPPING scroll of blinking.
   853 | D:2      | Reached skill level 4 in Axes
   897 | D:2      | Found a stormy altar of Qazlal.
  1028 | D:2      | 1028 ||| Stepping ~*~*~tactically~*~*~ (stealth).
  1217 | D:2      | 1217 ||| Stepping ~*~*~tactically~*~*~ (stealth).
  1223 | D:2      | 1223 ||| Stepping ~*~*~tactically~*~*~ (stealth).
  1517 | D:2      | 1517 ||| READING 2 scrolls labelled NURAHE IMYOJ.
  1518 | D:2      | 1518 ||| DRINKING 2 fuming amethyst potions.
  1519 | D:2      | 1519 ||| DRINKING 2 sedimented orange potions.
  1520 | D:2      | 1520 ||| DROPPING potion of brilliance.
  1521 | D:2      | 1521 ||| DROPPING potion of degeneration.
  1607 | D:3      | Reached XP level 4. HP: 8/26 MP: 8/8
  1878 | D:3      | Found a glowing golden altar of the Shining One.
  2091 | D:3      | 2091 ||| Stepping ~*~*~tactically~*~*~ (hiding).
  2193 | D:3      | 2193 ||| Stepping ~*~*~tactically~*~*~ (hiding).
  2763 | D:3      | 2763 ||| UPGRADING to amulet of the acrobat.
  2768 | D:3      | 2768 ||| DROPPING amulet of magic regeneration.
  2769 | D:3      | 2769 ||| READING scroll labelled POGAGR KUDU.
  2770 | D:3      | 2770 ||| READING 4 scrolls of identify.
  2770 | D:3      | 2770 ||| IDENTIFYING coppery potion
  2771 | D:3      | 2771 ||| READING 3 scrolls of identify.
  2771 | D:3      | 2771 ||| IDENTIFYING viscous silvery potion
  2772 | D:3      | 2772 ||| DROPPING potion of lignification.
  2829 | D:4      | Reached skill level 5 in Axes
  2832 | D:4      | Found a staircase to the Ecumenical Temple.
  2833 | D:4      | 2833 ||| PLANNING TEMPLE
  2843 | D:4      | 2843 ||| READING scroll labelled JUEF NUMAIFYT.
  2847 | Temple   | Entered the Ecumenical Temple
  2942 | Temple   | 2942 ||| PLANNING D:1-11
  2970 | D:4      | 2970 ||| Stepping ~*~*~tactically~*~*~ (stealth).
  2992 | D:4      | Found a hazy altar of Hepliaklqana.
  3064 | D:4      | Identified the +1 leather armour of Uruasewa {Will+ Regen+
                  | Str-5 SInv}
  3255 | D:4      | 3255 ||| Stepping ~*~*~tactically~*~*~ (hiding).
  3357 | D:4      | 3357 ||| Stepping ~*~*~tactically~*~*~ (hiding).
  3359 | D:4      | 3359 ||| Stepping ~*~*~tactically~*~*~ (hiding).
  3402 | D:4      | Found an ancient bone altar of Kikubaaqudgha.
  3510 | D:4      | Found a burning altar of Makhleb.
  3770 | D:4      | 3770 ||| UPGRADING to +1 leather armour of Uruasewa {Will+
                  | Regen+ Str-5 SInv}.
  3780 | D:4      | 3780 ||| DROPPING +0 leather armour.
  3781 | D:4      | 3781 ||| READING scroll labelled ALOADOUMMIH.
  3782 | D:4      | 3782 ||| READING 3 scrolls of identify.
  3782 | D:4      | 3782 ||| IDENTIFYING murky pink potion
  3807 | D:5      | Entered Level 5 of the Dungeon
  3842 | D:5      | HP: 1/26 [iguana (10)]
  3845 | D:5      | Gained mutation: Your magical nature lets you fly swiftly
                  | and evasively. [Tengu growth]
  3845 | D:5      | Reached XP level 5. HP: 3/30 MP: 9/9
  3894 | D:5      | 3894 ||| DROPPING +0 whip.
  3958 | D:5      | Found a hide-covered altar of Uskayaw.
  3974 | D:5      | Noticed Eustachio
  3986 | D:5      | HP: 6/30 [Eustachio/+0 rapier (6)]
  3986 | D:5      | HP: 1/30 [acid (4)]
  3987 | D:5      | 3987 ||| READING scroll of teleportation.
  3987 | D:5      | Slain by a jelly

Levels and vault maps discovered:
D:1:      eino_arrival_tree_alley, layout_rooms,
          shapermc_ecumenical_altar_notcrosses, minmay_misc_feat_roman
D:2:      layout_loops_cross, basic_altar
D:3:      layout_basic, tso_metal_star
D:4:      layout_gridville, amcnicky_altar_gilded, lemuel_doored_altar,
          lemuel_round_altar, minmay_temple_entry_slanted,
          hangedman_abyss_or_decor_stagger
D:5:      layout_gridville, eat_drink_and_be_merry_uskayaw,
          overflow_temple_1_default, kennysheep_orc_sif_temple,
          gammafunk_temple_overflow_wave, uniq_pikel, uniq_blork_the_orc,
          uniq_eustachio
Temple:   hellmonk_temple_beads

Skill      XL: |  1  2  3  4 |
---------------+-------------+-----
Axes           | 3 4 5 |  5.9
Fighting       | |  2.0
Throwing       | |  1.0
Armour         | |  1.1
Dodging        | |  2.1
Spellcasting   | |  2.0
Translocations | |  2.4

Action                   |  1- 3 |  4- 6 || total
-------------------------+-------+-------++-------
Melee: Hand axe          |    91 |    81 ||   172
       Peck              |    10 |    12 ||    22
       Kick              |    17 |    18 ||    35
       Punch             |     1 |       ||     1
Throw: Boomerang         |     7 |       ||     7
       Javelin           |       |    11 ||    11
  Use: Scroll            |     4 |     7 ||    11
       Potion            |     2 |       ||     2
Armor: Leather armour    |    24 |    26 ||    50
Dodge: Dodged            |    38 |    44 ||    82

Table legend:
 A = Non-vault XP
 B = Vault XP
 C = Vault XP percentage of total XP
 D = Non-vault monster count
 E = Vault monster count
 F = Vault count percentage of total count
                 A         B        C        D         E       F
            +---------+---------+-------+---------+---------+-------
      Total |     212 |       3 |   1.4 |      70 |       1 |   1.4
            +---------+---------+-------+---------+---------+-------
        D:1 |      44 |       0 |   0.0 |      27 |       0 |   0.0
        D:2 |      29 |       0 |   0.0 |      16 |       0 |   0.0
        D:3 |      40 |       0 |   0.0 |      11 |       0 |   0.0
        D:4 |      36 |       0 |   0.0 |      12 |       0 |   0.0
        D:5 |      63 |       3 |   4.5 |       4 |       1 |  20.0
            +---------+---------+-------+---------+---------+-------
